 Dungeon Crawl Stone Soup version 0.25.1-9-gc5326a611f (webtiles) character file.

Game seed: 2785311214158429476

466 Gauvater the Shooter (level 6, -3/53 HPs)
             Began as a Centaur Hunter on Jan 3, 2021.
             Slain by a worker ant (6 damage)
             ... on level 5 of the Dungeon.
             The game lasted 00:27:30 (4254 turns).

Gauvater the Shooter (Centaur Hunter)               Turns: 4254, Time: 00:27:30

Health: -3/53      AC:  5    Str: 16    XL:     6   Next: 81%
Magic:  6/6        EV:  9    Int: 10    God:
Gold:   173        SH:  0    Dex: 10    Spells: 5/5 levels left

rFire    + . .     SeeInvis .   r - +1 dagger (venom)
rCold    + . .     Gourm    .   (no shield)
rNeg     . . .     Faith    .   c - +0 leather armour
rPois    +         Spirit   .   e - +0 helmet
rElec    +         Reflect  .   (no cloak)
rCorr    +         Harm     .   (no gloves)
MR       .....                  (no barding)
Stlth    +.........             (no amulet)
HPRegen  0.17/turn              (no ring)
MPRegen  0.10/turn              (no ring)

@: brilliant, resistant, stab, very quick
A: large, hooves 3, deformed body, speed 2, tough skin 3
a: no special abilities


You were on level 5 of the Dungeon.
You were not hungry.

You visited 1 branch of the dungeon, and saw 5 of its levels.

You collected 173 gold pieces.

Inventory:

Hand Weapons
 a - a +1 shortbow
 b - a +0 short sword
 m - a +0 hunting sling
 r - a +1 dagger of venom (weapon)
 w - a +0 war axe
 x - a +0 spear
Missiles
 d - 33 arrows
 i - 109 stones
 j - 24 bolts
 o - 2 throwing nets
 y - 15 sling bullets
 A - 2 boomerangs (quivered)
 B - 6 poisoned darts
Armour
 c - a +0 leather armour (worn)
 e - a +0 helmet (worn)
 p - a +0 buckler
Scrolls
 g - a scroll of blinking
 h - 3 scrolls of remove curse
 k - a scroll of enchant weapon
 q - a scroll of teleportation {unknown}
 u - a scroll of identify
Potions
 s - a potion of magic
 t - 3 potions of curing
 v - a potion of brilliance
 z - a potion of lignification {unknown}
 C - a potion of mutation {unknown}
Comestibles
 f - 4 rations


   Skills:
 * Level 4.4 Fighting
 + Level 2.1 Short Blades
 + Level 2.8(2.9) Slings
 + Level 6.6 Bows
 + Level 0.3(1.8) Throwing
 + Level 1.5 Armour
 + Level 1.8 Dodging
 - Level 0.5 Stealth


You had 5 spell levels left.
You didn't know any spells.
Your spell library contained the following spells:

 Spells                   Type           Power        Failure   Level  Hunger
 Shock                    Conj/Air       #...         43%         1    None
 Swiftness                Chrm/Air       #.......     56%         2    None
 Static Discharge         Conj/Air       #.......     80%         3    None
 Airstrike                Air            #.........   99%         4    None
 Lightning Bolt           Conj/Air       #.........   100%        5    None


Dungeon Overview and Level Annotations

Branches:
Dungeon (5/15)
 Temple: D:4-7

Altars:
Gozag
Kikubaaqudgha
Makhleb
Zin

Annotations:
D:4 Dowan, Duvessa, Grinder
D:5 Edmund


Innate Abilities, Weirdness & Mutations

You have hooves in place of feet.
Armour fits poorly on your strangely shaped body.
You cover ground very quickly.
You have extremely tough skin. (AC +3)


Message History

It was a potion of magic.
Magic courses through your body. The worker ant bites you.
* * * LOW HITPOINT WARNING * * *
The worker ant bites you but does no damage.
Edmund barely misses you.
It was a potion of stabbing.
You feel ready to backstab. The worker ant barely misses you.
You closely miss Edmund. You kick Edmund, but do no damage.
Edmund is moderately wounded.
Edmund hits you with a +1 vorpal flail!
* * * LOW HITPOINT WARNING * * *
x2 The worker ant bites you but does no damage.
It was a potion of curing.
You feel better. Edmund barely misses you. The worker ant bites you.
* * * LOW HITPOINT WARNING * * *
It was a potion of brilliance.
You feel clever all of a sudden. The worker ant bites you.
You die...

.... ......#
..... ......#
.....##.....#
#..........#
#..........#
#........##
#......#
##@a...##
#.@...(#
#<.....#
########


You could see Edmund (poisoned) and a worker ant.

Vanquished Creatures
  A phantom (D:3)
  A hound (D:4)
  An orc priest (D:2)
  2 orc wizards
  Natasha (thrice) (D:2)
  A worker ant (D:4)
  4 adders
  2 oozes (D:1)
  2 worms
  3 dart slugs
  3 leopard geckos
  15 orcs
  A ball python (D:3)
  6 bats
  6 giant cockroaches
  5 goblins
  5 hobgoblins
  5 jackals
  A kobold (D:1)
  5 quokkas
  8 frilled lizards
  A giant cockroach zombie (D:5)
  10 rats
91 creatures vanquished.

Notes
Turn   | Place    | Note
-------+----------+-------------------------------------------
     0 | D:1      | Gauvater the Centaur Hunter began the quest for the Orb.
     0 | D:1      | Reached XP level 1. HP: 17/17 MP: 1/1
   224 | D:1      | Reached XP level 2. HP: 24/24 MP: 2/2
   419 | D:1      | Reached skill level 6 in Bows
   925 | D:2      | Reached XP level 3. HP: 22/30 MP: 3/3
  1154 | D:2      | Noticed Natasha
  1183 | D:2      | Killed Natasha
  1507 | D:2      | Reached XP level 4. HP: 30/37 MP: 4/4
  1543 | D:2      | Reached skill level 1 in Short Blades
  1896 | D:2      | Noticed Natasha
  1904 | D:2      | Killed Natasha
  1904 | D:2      | Reached skill level 1 in Armour
  2162 | D:2      | Reached XP level 5. HP: 27/45 MP: 5/5
  2397 | D:2      | Noticed Natasha
  2404 | D:2      | Killed Natasha
  2686 | D:3      | Found an opulent altar of Gozag.
  2754 | D:3      | Found an ancient bone altar of Kikubaaqudgha.
  3010 | D:3      | Reached XP level 6. HP: 18/52 MP: 6/6
  3694 | D:3      | Found a burning altar of Makhleb.
  3696 | D:3      | Found a glowing silver altar of Zin.
  3696 | D:3      | Noticed an angel
  3698 | D:3      | Noticed a cacodemon
  3921 | D:4      | Noticed Grinder
  3963 | D:4      | Noticed Duvessa
  4157 | D:4      | Paralysed by Grinder for 7 turns
  4184 | D:4      | Noticed Dowan
  4228 | D:5      | Entered Level 5 of the Dungeon
  4233 | D:5      | Noticed Edmund
  4252 | D:5      | HP: 2/53 [Edmund/+1 vorpal flail (7)]
  4254 | D:5      | Slain by a worker ant

Illustrated notes

Levels and vault maps discovered:
D:1:      dpeg_arrival_stone_temple_mockup, layout_loops_ring
D:2:      cheibrodos_pilgrimage, layout_basic, uniq_natasha
D:3:      layout_loops_ring, grunt_temple_overflow_order_and_chaos_2,
          grunt_gozag_breadcrumbs, kiku_gazebo_pond_becter,
          kennysheep_generic_room_7
D:4:      layout_rooms, portal_sewer_entry_e, uniq_duvessa, uniq_grinder,
          uniq_eustachio
D:5:      layout_cave_pools, nicolae_qazlal_eye_of_the_storm, first_ration,
          gammafunk_ghost_necromancy, serial_shops, nicolae_shop_stone,
          uniq_edmund

Skill      XL: |  1  2  3  4  5  6 |
---------------+-------------------+-----
Bows           | 6 |  6.6
Short Blades   | 1 2 |  2.1
Armour         | 1 |  1.5
Fighting       | 3 4 |  4.4
Slings         | 2 |  2.8
Throwing       | |  0.3
Dodging        | |  1.8
Stealth        | |  0.5

Action                   |  1- 3 |  4- 6 || total
-------------------------+-------+-------++-------
Melee: Short sword       |    94 |     1 ||    95
       Kick              |    14 |    30 ||    44
       Dagger            |    13 |   123 ||   136
 Fire: Shortbow          |    18 |    68 ||    86
       Hunting sling     |     9 |    55 ||    64
Throw: Stone             |       |    11 ||    11
       Boomerang         |       |     7 ||     7
  Use: Potion            |       |     6 ||     6
       Scroll            |       |     5 ||     5
  Eat: Chunk             |     1 |     7 ||     8
Armor: Leather armour    |    35 |    73 ||   108
Dodge: Dodged            |    40 |    79 ||   119
